 Dungeon Crawl Stone Soup version 0.30.0-19-g36f170ea60 (webtiles) character file.

Game seed: 16757233944581256255

26 Bamboolord the Digger (level 2, 0/19 HPs)
             Began as a Demonspawn Earth Elementalist on May 29, 2023.
             Slain by a cerulean imp
             ... wielding a +0 spear
             ... summoned by Natasha
              (4 damage)
             ... on level 2 of the Dungeon.
             The game lasted 00:01:26 (663 turns).

Bamboolord the Digger (DsEE)                         Turns: 663, Time: 00:01:27

Health: 0/19       AC:  3    Str:  8    XL:     2   Next: 89%
Magic:  5/5        EV: 12    Int: 16    God:
Gold:   38         SH:  0    Dex: 13    Spells: 4/5 levels left

rFire   . . .        (no weapon)
rCold   . . .        (no shield)
rNeg    . . .        a - +0 robe
rPois   .            (no helmet)
rElec   .            (no cloak)
rCorr   .            (no gloves)
SInv    .            (no boots)
Will    .....        (no amulet)
Stlth   ++           (no ring)
HPRegen 0.23/turn    (no ring)
MPRegen 0.09/turn

%: no passive effects
@: very slightly contaminated
A: sharp scales 1
a: no special abilities


You were on level 2 of the Dungeon.
You visited 1 branch of the dungeon, and saw 2 of its levels.

You collected 38 gold pieces.

Inventory:

Armour
 a - a +0 robe (worn)
Potions
 c - a potion of curing {unknown}
 d - a potion of resistance {unknown}
 e - a potion of heal wounds {unknown}


   Skills:
 * Level 2.0 Dodging
 + Level 1.7 Stealth
 * Level 2.1 Spellcasting
 * Level 1.3 Conjurations
 + Level 0.8 Transmutations
 * Level 3.2 Earth Magic


You had 4 spell levels left.
You knew the following spells:

 Your Spells              Type           Power      Damage    Failure   Level
a - Sandblast             Erth           24%        2d8       5%          1

Your spell library contained the following spells:

 Spells                   Type           Power      Damage    Failure   Level
 Passwall                 Tmut/Erth      6%         N/A       14%         2
 Stone Arrow              Conj/Erth      16%        3d8       24%         3
 Petrify                  Tmut/Erth      8%         N/A       65%         4


Dungeon Overview and Level Annotations

Branches:
Dungeon (2/15)

Altars:

Shops:
D:1 *

Annotations:
D:2 Natasha


Innate Abilities, Weirdness & Mutations

You are partially covered in razor-sharp scales. (AC +1, Slay +1)


Message History

Natasha is nearby!
Natasha is nearby!
You can't see any susceptible monsters within range! (Use Z to cast anyway.)
You can't see any susceptible monsters within range! (Use Z to cast anyway.)
You see here 10 gold pieces.
You can't see any susceptible monsters within range! (Use Z to cast anyway.)
You can't see any susceptible monsters within range! (Use Z to cast anyway.)
The blast of sand hits Natasha but does no damage.
Natasha hisses angrily.
The blast of sand hits Natasha!
Natasha is heavily wounded.
An endoplasm comes into view.
Natasha casts a spell.
You miscast Sandblast.
You are very lightly contaminated with residual magic.
Nothing appears to happen.
The endoplasm quivers.
Natasha claws you.
You miscast Sandblast.
Nothing appears to happen.
The cerulean imp barely misses you. Natasha claws you.
Aiming: Sandblast (safe; 5% risk of failure)
Press: ? - help, Q - select action Shift-Dir - straight line, f/p - Natasha
Aim: Natasha (heavily wounded, 77% to hit)
The blast of sand hits Natasha.
Natasha is almost dead.
The cerulean imp hits you from afar with a +0 spear.
Natasha barely misses you.
You closely miss Natasha.
Natasha is almost dead.
The cerulean imp hits you from afar with a +0 spear.
Natasha claws you.
You completely miss Natasha.
Natasha is almost dead.
The cerulean imp hits you from afar with a +0 spear.
* * * LOW HITPOINT WARNING * * *
Natasha closely misses you.
Unknown command.
Magic courses through your body.
The cerulean imp hits you from afar with a +0 spear.
You die...

.....# #....# #....#
#....# #....#
#.#####....## .
#.....#.....#####....
#...5h@J.....<.......
#.....#..............
#.....#....#......?..
#####.#.####.........
#.#.# ##.###....
..... ... .... .....
..## ... ..... .## ..


You could see Natasha, a cerulean imp (summoned) and an endoplasm.

Vanquished Creatures
  A gnoll (D:1)
  A bat (D:1)
  An endoplasm (D:1)
  2 goblins (D:1)
  A hobgoblin (D:1)
  A quokka (D:1)
  2 ball pythons (D:1)
  3 frilled lizards (D:1)
  4 kobolds (D:1)
  2 rats
18 creatures vanquished.

Notes
Turn   | Place    | Note
-------+----------+-------------------------------------------
     0 | D:1      | Bamboolord the Demonspawn Earth Elementalist began the
                  | quest for the Orb.
     0 | D:1      | Reached XP level 1. HP: 13/13 MP: 3/3
    97 | D:1      | Reached skill level 3 in Earth Magic
   118 | D:1      | Gained mutation: You are partially covered in razor-sharp
                  | scales. (AC +1, Slay +1) [demonic ancestry]
   118 | D:1      | Reached XP level 2. HP: 9/19 MP: 0/5
   223 | D:1      | Reached skill level 1 in Conjurations
   293 | D:1      | Found Xeg Jacs's General Store.
   652 | D:2      | Noticed Natasha
   663 | D:2      | Slain by a cerulean imp

Illustrated notes

Levels and vault maps discovered:
D:1:      dpeg_arrival_renting, layout_rooms, serial_shops, shop
D:2:      layout_rooms, uniq_natasha, uniq_crazy_yiuf_cottage

Skill      XL: |  1  2 |
---------------+-------+-----
Earth Magic    | 3 |  3.2
Dodging        | 2 |  2.0
Conjurations   | 1 |  1.3
Stealth        | |  1.7
Spellcasting   | |  2.1
Transmutations | |  0.8

Action                     || total
---------------------------++-------
  Melee: Unarmed           ||    23
         Punch             ||     1
   Cast: Sandblast         ||    25
    Use: Potion            ||     1
 Armour: Robe              ||     3
  Dodge: Dodged            ||    22
